 Dungeon Crawl Stone Soup version 0.27-a0-679-g77a6b55cf3 (webtiles) character file.

Game seed: 17396649257841062937

636193 Ulle the Axe Maniac (level 27, -12/246 (270) HPs)
             Began as a Hill Orc Fighter on Mar 18, 2021.
             Was the Champion of Beogh.
             Killed from afar by a Tzitzimitl (20 damage)
             ... with a bolt of negative energy
             ... on level 7 of Tartarus on Mar 19, 2021.
             The game lasted 04:30:59 (63027 turns).

Ulle the Axe Maniac (Hill Orc Fighter)             Turns: 63027, Time: 04:30:59

HP:   -12/246 (270) AC: 52    Str: 40    XL:     27
MP:   20/20         EV: 24    Int: 14    God:    Beogh [******]
Gold: 6688          SH: 20    Dex: 14    Spells: 26/26 levels left

rFire    + + .     SeeInvis +   N - +9 war axe "Zopohil" {freeze, rF+ Will++}
rCold    + + +     Faith    .   c - +0 kite shield {reflect}
rNeg     + . .     Spirit   .   i - +6 crystal plate armour
rPois    +         Reflect  +   (helmet restricted)
rElec    +         Harm     .   Z - +5 cloak of Wonderful Happiness {rC+}
rCorr    .         Rampage  .   R - +1 pair of gloves of Suiluruohi {*Drain rElec rPois Str+6}
Will     ++++.     Rnd*Tele +   K - +2 pair of boots {Fly}
Stlth    ..........             V - amulet "Mobom" {Acrobat Int+6 Slay+3 SInv}
HPRegen  0.51/turn              T - ring "Nujoff" {rC++ Str+4 Slay+4}
MPRegen  0.17/turn              y - ring "Leleaj" {rElec rF+ rN+ MP-9 AC+4}

@: mighty, doom-hounded, acrobatic, flying, studying 8 skills, drained
A: walk on water, horns 1, agile 1, teleportitis 1, MP-powered wands
}: 5/15 runes: decaying, serpentine, slimy, silver, abyssal
a: Stop Flying, Renounce Religion, Smiting, Recall Orcish Followers, Give Item
to Named Follower, Resurrection


You were on level 7 of Tartarus.
You worshipped Beogh.
Beogh was exalted by your worship.
You visited 11 branches of the dungeon, and saw 57 of its levels.
You visited the Abyss 1 time.
You also visited: Trove, Sewer, Bailey, Ice Cave and Wizlab.

You collected 8541 gold pieces.
You spent 1853 gold pieces at shops.

Inventory:

Hand Weapons
 G - a +2 demon blade of draining
 N - the +9 war axe "Zopohil" (weapon) {freeze, rF+ Will++}
   (You took it off a deep elf zephyrmancer on level 3 of the Elven Halls)

   It has been specially enchanted to freeze those struck by it, causing extra
   injury to most foes and up to half again as much damage against particularly
   susceptible opponents.
   It can also slow down cold-blooded creatures.
   It protects you from fire.
   It affects your willpower, your defense against some magical effects.
Armour
 c - a +0 kite shield of reflection (worn)
 f - a scarf of repulsion
 i - a +6 crystal plate armour (worn)
 r - a +2 helmet
 K - a +2 pair of boots of flying (worn)
 R - the +1 pair of gloves of Suiluruohi (worn) {*Drain rElec rPois Str+6}
   (You bought it in a shop on level 2 of the Orcish Mines)

   It affects your strength (+6).
   It insulates you from electricity.
   It protects you from poison.
   It causes draining when unequipped.
 Z - the +5 cloak of Wonderful Happiness (worn) {rC+}
   (You found it on level 2 of the Swamp)

   It protects you from cold.
Jewellery
 w - a ring of see invisible
 y - the ring "Leleaj" (left hand) {rElec rF+ rN+ MP-9 AC+4}
   (You bought it in a shop on level 4 of the Dungeon)

   [ring of protection]

   It affects your AC (+4).
   It protects you from fire.
   It insulates you from electricity.
   It protects you from negative energy.
   It affects your magic capacity (-9).
 A - a ring of protection from fire
 E - the ring "Vociqear" {Ice Str+2 Slay+3}
   (You found it on level 7 of Tartarus)

   [ring of ice]

   It enhances your ice magic.
   It affects your strength (+2).
   It affects your accuracy and damage with ranged weapons and melee attacks
   (+3).
   It makes you vulnerable to fire.
   It protects you from cold.
 M - a ring of positive energy
 P - a ring of resist corrosion
 T - the ring "Nujoff" (right hand) {rC++ Str+4 Slay+4}
   (You took it off a yaktaur on level 13 of the Dungeon)

   [ring of slaying]

   It affects your strength (+4).
   It affects your accuracy and damage with ranged weapons and melee attacks
   (+4).
   It greatly protects you from cold.
 V - the amulet "Mobom" (around neck) {Acrobat Int+6 Slay+3 SInv}
   (You acquired it on level 3 of the Elven Halls)

   [amulet of the acrobat]

   It helps you evade while moving and waiting.
   It affects your intelligence (+6).
   It affects your accuracy and damage with ranged weapons and melee attacks
   (+3).
   It lets you see invisible.
 X - the ring "Moarihi" {*Corrode rElec rC++ EV+4 Stlth+}
   (You took it off a deep elf sorcerer on level 3 of the Elven Halls)

   [ring of evasion]

   It affects your evasion (+4).
   It greatly protects you from cold.
   It insulates you from electricity.
   It may corrode you when you take damage.
   It makes you more stealthy.
Wands
 a - a wand of charming (5)
 h - a wand of iceblast (77)
 s - a wand of digging (1)
 u - a wand of mindburst (77)
 x - a wand of paralysis (16)
 C - a wand of flame (94)
 F - a wand of polymorph (7)
 I - a wand of acid (31)
Scrolls
 b - 6 scrolls of immolation
 e - a scroll of summoning
 o - 11 scrolls of fog
 p - 11 scrolls of magic mapping
 q - 21 scrolls of teleportation
 t - 5 scrolls of holy word
 z - 4 scrolls of brand weapon
 B - 4 scrolls of enchant armour
 D - 3 scrolls of fear
 H - 9 scrolls of blinking
 J - 27 scrolls of identify
 Q - 3 scrolls of enchant weapon
Potions
 d - 6 potions of might
 g - 7 potions of berserk rage
 j - 20 potions of curing
 k - 14 potions of brilliance
 l - 7 potions of haste
 m - 4 potions of heal wounds
 n - 7 potions of cancellation
 v - 9 potions of ambrosia
 L - 3 potions of invisibility
 O - 5 potions of magic
 W - 2 potions of resistance


   Skills:
 + Level 26.5 Fighting
 + Level 0.5(0.7) Short Blades
 + Level 0.6(0.8) Long Blades
 O Level 27 Axes
 + Level 0.6(16.2) Maces & Flails
 + Level 0.6(16.2) Polearms
 + Level 0.4(0.7) Staves
 + Level 0.4(0.6) Slings
 + Level 0.8 Bows
 + Level 0.8 Crossbows
 + Level 0.4(0.6) Throwing
 + Level 22.8 Armour
 + Level 1.7 Dodging
 + Level 8.2 Stealth
 + Level 25.9 Shields
 + Level 0.6 Unarmed Combat
 + Level 0.3 Spellcasting
 + Level 0.5 Conjurations
 + Level 0.5 Hexes
 + Level 0.5 Summonings
 + Level 0.5 Necromancy
 + Level 0.3 Translocations
 + Level 0.3 Transmutations
 + Level 0.6 Fire Magic
 + Level 0.4 Ice Magic
 + Level 0.3 Air Magic
 + Level 0.5 Earth Magic
 + Level 0.4 Poison Magic
 + Level 8.0 Invocations
 + Level 0.5 Evocations


You had 26 spell levels left.
You didn't know any spells.
Your spell library contained the following spells:

 Spells                   Type           Power      Damage    Failure   Level
 Animate Skeleton         Necr           2%         N/A       71%         1
 Corona                   Hex            1%         N/A       71%         1
 Foxfire                  Conj/Fire      4%         2x1d4     71%         1
 Magic Dart               Conj           4%         1d3       71%         1
 Pain                     Necr           4%         1d4       71%         1
 Summon Small Mammal      Summ           4%         N/A       71%         1
 Freeze                   Ice            4%         1d3       73%         1
 Shock                    Conj/Air       4%         1d3       73%         1
 Apportation              Tloc           2%         N/A       75%         1
 Beastly Appendage        Tmut           2%         N/A       75%         1
 Sting                    Tmut/Pois      4%         1d3       75%         1
 Call Imp                 Summ           1%         N/A       85%         2
 Searing Ray              Conj           2%         3d3       85%         2
 Slow                     Hex            1%         N/A       85%         2
 Blink                    Tloc           N/A        N/A       86%         2
 Corpse Rot               Necr/Air       N/A        N/A       86%         2
 Ensorcelled Hibernation  Hex/Ice        2%         N/A       86%         2
 Passwall                 Tmut/Erth      0%         N/A       86%         2
 Poisonous Vapours        Pois/Air       2%         N/A       86%         2
 Swiftness                Air            1%         N/A       86%         2
 Call Canine Familiar     Summ           1%         N/A       97%         3
 Confusing Touch          Hex            1%         N/A       97%         3
 Conjure Flame            Conj/Fire      1%         6-21      97%         3
 Dazzling Flash           Conj/Hex       2%         N/A       97%         3
 Frozen Ramparts          Ice            2%         1d2       97%         3
 Ignite Poison            Fire/Tmut/Pois 1%         N/A       97%         3
 Inner Flame              Hex/Fire       1%         N/A       97%         3
 Mephitic Cloud           Conj/Pois/Air  1%         N/A       97%         3
 Ozocubu's Armour         Ice            1%         N/A       97%         3
 Static Discharge         Conj/Air       1%         N/A       97%         3
 Stone Arrow              Conj/Erth      2%         3d7       97%         3
 Summon Guardian Golem    Hex/Summ       1%         N/A       97%         3
 Tukima's Dance           Hex            1%         N/A       97%         3
 Vampiric Draining        Necr           0%         2d6       97%         3
 Lesser Beckoning         Tloc           0%         N/A       98%         3
 Airstrike                Air            0%         N/A       100%        4
 Animate Armour           Summ/Erth      2%         N/A       100%        4
 Animate Dead             Necr           0%         N/A       100%        4
 Fulminant Prism          Conj/Hex       0%         3d6       100%        4
 Hailstorm                Conj/Ice       1%         3d3       100%        4
 Iskenderun's Mystic Bla  Conj/Tloc      1%         2d3       100%        4
 Leda's Liquefaction      Hex/Erth       0%         N/A       100%        4
 Olgreb's Toxic Radiance  Pois           1%         N/A       100%        4
 Sticky Flame             Conj/Fire      1%         2d3       100%        4
 Summon Ice Beast         Ice/Summ       1%         N/A       100%        4
 Summon Lightning Spire   Summ/Air       1%         N/A       100%        4
 Agony                    Necr           1%         N/A       100%        5
 Alistair's Intoxication  Tmut/Pois      0%         N/A       100%        5
 Blade Hands              Tmut           0%         N/A       100%        5
 Bolt of Magma            Conj/Fire/Erth 0%         4d4       100%        5
 Borgnjor's Vile Clutch   Necr/Erth      0%         N/A       100%        5
 Fireball                 Conj/Fire      0%         3d3       100%        5
 Iskenderun's Battlesphe  Conj           1%         2d6       100%        5
 Lightning Bolt           Conj/Air       0%         1d11      100%        5
 Silence                  Hex/Air        0%         N/A       100%        5
 Summon Forest            Summ/Tloc      0%         N/A       100%        5
 Yara's Violent Unravell  Hex/Tmut       0%         3d3       100%        5
 Eringya's Noxious Bog    Tmut/Pois      0%         N/A       100%        6
 Hydra Form               Tmut           0%         N/A       100%        6
 Invisibility             Hex            1%         N/A       100%        6
 Iron Shot                Conj/Erth      0%         9d1       100%        6
 Shadow Creatures         Summ           N/A        N/A       100%        6
 Starburst                Conj/Fire      0%         8x6d3     100%        6
 Orb of Destruction       Conj           0%         N/A       100%        7
 Spellforged Servitor     Conj/Summ      0%         N/A       100%        7
 Summon Hydra             Summ           0%         N/A       100%        7
 Borgnjor's Revivificati  Necr           0%         N/A       100%        8
 Ignition                 Fire           1%         3d3       100%        8
 Infestation              Necr           0%         N/A       100%        8
 Necromutation            Tmut/Necr      0%         N/A       100%        8
 Death's Door             Necr           0%         N/A       100%        9
 Fire Storm               Conj/Fire      0%         6d1       100%        9
 Shatter                  Erth           0%         3d5*      100%        9
 Tornado                  Air            0%         N/A       100%        9


Dungeon Overview and Level Annotations

Branches:
Dungeon (15/15)            Temple (0/1) D:7            Lair (6/6) D:9
  Swamp (4/4) Lair:4        Snake (4/4) Lair:3        Slime (5/5) Lair:6
    Orc (2/2) D:10            Elf (3/3) Orc:2        Vaults (5/5) D:14
  Crypt (0/3) Vaults:3     Depths (5/5) D:15           Hell (visited)
    Tar (7/7) Hell            Zot (0/5) Depths:5      Sewer (visited)
 Bailey (visited)           IceCv (visited)          WizLab (visited)
    Dis: Hell:1         Geh: Hell:1         Coc: Hell:1

Altars:
Ashenzari
Cheibriados
Dithmenos
Elyvilon
Gozag
Hepliaklqana
Kikubaaqudgha
Ru
Vehumet
Xom
Jiyva

Shops:
D:1 ?   D:4 =   D:10 *   Orc:1 =??   Orc:2 [*(:   Elf:3 [   Snake:2 *
Snake:4 =:=   Depths:1 [:?*   Depths:4 =

Portals:
Hell: Depths:1 Depths:2 Depths:3 Depths:4 Depths:5
Abyss: Depths:1 Depths:4
Pandemonium: Depths:1 Depths:3 Depths:5
Ziggurat: Depths:1

Annotations:
D:10 2 transporters
Lair:4 exclusion: 2 oklob plants
Orc:1 1 transporter, reyent's ghost, adept GrEE
Elf:2 2 transporters, Maemadut's ghost, veteran DrMo
Tar:7 Ereshkigal


Innate Abilities, Weirdness & Mutations

You can walk on water.
You have a pair of small horns on your head.
You are agile. (Dex +2)
You are occasionally teleported next to monsters.
You expend magic power (3 MP) to strengthen your wands.


Message History

Your body is wracked with pain!
* * * LOW HITPOINT WARNING * * *
Wargath convulses!
Nordag convulses!
You feel much better. You block the Tzitzimitl's attack. x2
Nordag hits Ereshkigal with a +4 eveningstar of flaming!!
Nordag burns Ereshkigal!
Ereshkigal gestures at you. You resist with almost no effort.
Wargath hits the Tzitzimitl from afar with the +12 glaive of Prune {vorpal}!!
The Tzitzimitl engulfs you but does no damage.
You block the Tzitzimitl's attack.
A doom hound comes into view.
You miss the Tzitzimitl.
The Tzitzimitl is severely wounded.
You slice the Tzitzimitl!! You freeze the Tzitzimitl. You hit the Tzitzimitl.
You completely miss Ereshkigal. Ereshkigal hits you but does no damage.
The Tzitzimitl engulfs you but does no damage.
You block the Tzitzimitl's attack. The Tzitzimitl gestures at you.
The bolt of negative energy hits you!! You partially resist.
You feel drained.
* * * LOW HITPOINT WARNING * * *
The bolt of negative energy hits Nordag!
Nordag is drained!
Nordag hits the Tzitzimitl with a +4 eveningstar of flaming!!
Nordag burns the Tzitzimitl!
The Tzitzimitl dies!
Wargath misses the Tzitzimitl.
The doom hound unleashes a terrible howl, and it begins to echo in your mind!
You swap places.
Wargath no longer looks unusually strong.
Ereshkigal misses you.
The Tzitzimitl calls on the powers of darkness!
Wargath convulses!
Nordag convulses!
Your body is wracked with pain!
* * * LOW HITPOINT WARNING * * *
The Tzitzimitl gestures at you.
The bolt of negative energy hits Ereshkigal.
Ereshkigal completely resists.
The bolt of negative energy hits you!! You partially resist.
You feel drained.
You die...

#.......###.8...h....8.#
#.......###............##
#......###..............#
#......# #..8........8..#
#...^..###.......1......#
#.......# #............#
#.......###.8...11...8.#
#........##.....&o.....#
#........###....@o....##
#........#####......###
#........##..###''###..
#........##.............
#.........###...........
#...........###.........#######
#.............#####..####.....###
#.................####..........#
#................................


You could see Ereshkigal, 3 Tzitzimimeh, the friendly Nordag the orc warlord
(strong, drained) and the friendly Wargath the orc warlord (drained).

Vanquished Creatures
  A dread lich (Abyss:3)
  An ancient lich (Vaults:5)
  Frederick (Vaults:3)
  A golden dragon (Depths:5)
  A profane servitor (Abyss:3)
  6 bone dragons
  6 Tzitzimimeh
  5 doom hounds
  A tentacled monstrosity (Vaults:5)
  Rupert (D:12)
  5 liches
  3 deep elf blademasters
  A deep elf master archer (Elf:3)
  2 quicksilver dragons (Vaults:5)
  A titan (Vaults:5)
  9 acid blobs
  A sphinx (Vaults:5)
  4 tentacled starspawn
  Gastronok (D:11)
  A tengu reaver (Vaults:5)
  A thorn hunter (Swamp:2)
  6 shadow dragons
  Kirke (D:15)
  2 storm dragons
  Donald (Swamp:1)
  6 rockslimes
  3 nagarajas
  2 revenants
  4 azure jellies
  2 iron dragons
  7 vault wardens
  A fire giant (Depths:4)
  5 deep elf sorcerers
  3 frost giants
  A draconian scorcher (Depths:5)
  An angel (Abyss:3)
  5 balrugs
  An orc warlord (Orc:2)
  2 deep elf elementalists
  14 reapers
  8 very ugly things
  3 ophanim
  7 quicksilver oozes
  4 war gargoyles
  7 stone giants
  10 ironbound preservers
  An entropy weaver (Vaults:4)
  2 dire elephants
  A purple draconian (Depths:5)
  A yellow draconian (WizLab)
  A juggernaut skeleton (Depths:1)
  2 deep elf demonologists (Elf:3)
  A white draconian (Depths:5)
  A red draconian (Depths:5)
  Azrael (D:15)
  An eleionoma (Swamp:2)
  5 ettins
  4 fire dragons
  The ghost of Quoreg the Fighter, a journeyman HuIE of Vehumet (Lair:1)
  A deep elf death mage (Elf:3)
  Josephine (D:13)
  A blizzard demon (Hell)
  A jiangshi (Tar:4)
  11 yaktaur captains
  5 ice dragons
  3 green deaths
  2 deep elf high priests
  A rakshasa (Depths:2)
  A peacekeeper (Vaults:4)
  3 hydras
  16 vault guards
  8 ironbound frosthearts
  3 ironbound thunderhulks (Vaults:4)
  2 naga warriors (Snake:4)
  2 ogre magi
  6 great orbs of eyes
  2 quicksilver dragon skeletons
  A ghost crab (Swamp:4)
  A hell beast (Depths:5)
  A spriggan air mage (Depths:4)
  6 centaur warriors
  A catoblepas (Abyss:3)
  4 alligators
  An anaconda (Snake:2)
  3 deep troll shamans
  5 tengu warriors
  14 dancing weapons
  6 deep troll earth magi
  5 hell hogs
  7 thrashing horrors
  4 vampire magi
  A titan zombie (Tar:7)
  2 death yaks
  2 spriggan berserkers (Depths:5)
  9 naga sharpshooters
  13 two-headed ogres
  A shock serpent (shapeshifter) (Vaults:5)
  A shock serpent (Snake:2)
  2 orc high priests (Orc:2)
  4 spriggans
  3 ironbound beastmasters
  6 wretched stars
  2 soul eaters (Hell)
  9 deep elf knights
  5 sun demons
  6 hell knights
  7 iron trolls
  18 skeletal warriors
  A golden dragon zombie (Tar:5)
  3 salamander mystics
  2 fire crabs (Abyss:3)
  A fire crab (shapeshifter) (Depths:3)
  A sixfirhy (Abyss:4)
  An unseen horror (D:11)
  5 swamp dragons
  9 shadow demons
  3 goliath frogs
  2 glowing orange brains
  29 deep trolls
  A spriggan druid (Swamp:1)
  An unseen horror (shapeshifter) (D:15)
  A naga ritualist (Snake:4)
  2 cherubim (Abyss:3)
  2 bog bodies
  4 phantasmal warriors
  4 flayed ghosts
  14 ironbound convokers
  5 orc knights
  7 wizards
  5 harpies (Vaults:1)
  5 deep elf archers
  15 deep elf pyromancers
  A wolf spider (D:15)
  A mana viper (shapeshifter) (Vaults:5)
  6 necromancers
  3 wolf spider zombies
  A frost giant zombie (Tar:4)
  11 deep elf zephyrmancers
  28 ugly things
  5 cyclopes
  2 manticores
  4 salamanders
  5 fire giant zombies
  4 shining eyes
  4 mana vipers
  A faun (shapeshifter) (Depths:5)
  2 frost giant skeletons
  2 stone giant skeletons (Tar:7)
  2 elephants (Lair:4)
  4 guardian serpents (Snake:4)
  2 iron dragon skeletons
  5 smoke demons
  An apocalypse crab (Abyss:3)
  A molten gargoyle (Hell)
  9 black mambas
  9 naga magi
  Maurice (D:11)
  11 vault sentinels
  An elf zombie (Depths:1)
  A torpor snail (Lair:5)
  6 rust devils
  An eye of devastation (Slime:4)
  2 orange demons (Swamp:4)
  2 gargoyles (D:14)
  5 cane toads
  A redback zombie (D:15)
  2 rime drakes
  2 efreet
  A freezing wraith (Abyss:2)
  9 komodo dragons
  A kobold demonologist (D:15)
  14 yaktaurs
  4 hellions
  8 tormentors
  3 ice devils
  A demonic crawler (Abyss:3)
  2 tengu conjurers
  2 ancient zymes (Abyss:3)
  2 human skeletons
  2 red devils (Abyss:2)
  2 hydra zombies
  A silent spectre (Tar:6)
  6 trolls
  15 polar bears
  A hydra skeleton (Tar:4)
  A tengu simulacrum (Depths:5)
  A wind drake (shapeshifter) (D:14)
  7 hornets
  5 tyrant leeches
  9 dream sheep
  A fire dragon zombie (Tar:7)
  13 raiju
  35 slime creatures
  3 blink frogs (Lair:5)
  A spectral black mamba (Lair:1)
  A stone giant simulacrum (Tar:7)
  27 flying skulls
  Sigmund (D:2)
  3 air elementals
  2 black mamba zombies
  2 redbacks (Vaults:4)
  14 shadows
  6 water elementals
  An ettin zombie (Tar:1)
  3 ynoxinuls
  6 wraiths
  15 large abominations
  59 yaks
  4 starcursed masses (Abyss:2)
  Eustachio (D:5)
  A tarantella (Vaults:4)
  A fire bat (Abyss:2)
  4 wyverns
  3 hogs (D:15)
  A golden eye (Slime:2)
  9 fire elementals
  2 basilisks
  3 vampire mosquitoes
  6 chaos spawn
  4 neqoxecs
  26 nagas
  A warg (Orc:1)
  An acid dragon (D:9)
  A hydra simulacrum (Hell)
  8 swamp worms
  5 water moccasins
  10 hell hounds
  17 orc warriors
  8 sky beasts
  A hornet zombie (D:10)
  An ice dragon simulacrum (Tar:3)
  14 necrophages
  3 cane toad skeletons
  2 black bears (D:9)
  2 boggarts
  22 wolves
  7 centaurs
  9 ogres
  8 phantoms
  5 kobold brigands
  20 bullfrogs
  7 small abominations
  A wyvern zombie (D:13)
  An earth elemental (Elf:3)
  A wyvern skeleton (D:14)
  4 scorpions
  24 wights
  3 killer bees (D:7)
  9 howler monkeys
  A crimson imp (Depths:3)
  4 quasits
  2 bullfrog zombies (D:5)
  4 hounds
  An iron imp (Abyss:3)
  2 jellies
  6 orc priests
  2 centaur zombies
  A gnoll shaman (D:8)
  3 bullfrog skeletons
  Jessica (D:2)
  5 centaur skeletons
  Ijyb (D:4)
  2 iguanas
  6 orc wizards
  4 hell rats
  9 worker ants
  A tengu zombie (Tar:2)
  A hound zombie (D:9)
  9 gnolls
  26 adders
  A howler monkey skeleton (D:9)
  4 river rats (Sewer)
  10 shadow imps
  8 white imps
  13 ufetubi
  5 oozes
  2 adder zombies
  An adder skeleton (D:5)
  2 worms
  8 leopard geckos
  40 orcs
  9 bats
  6 giant cockroaches
  8 hobgoblins
  12 jackals
  5 quokkas
  15 ball pythons
  4 frilled lizards
  12 goblins
  24 kobolds
  A leopard gecko skeleton (D:4)
  An orc skeleton (Tar:6)
  A quokka skeleton (D:8)
  26 rats
  7 briar patches (Swamp:2)
  A lurking horror (Abyss:3)
  4 starspawn tentacles
1542 creatures vanquished.

Vanquished Creatures (collateral kills)
  the Royal Jelly (Slime:5)
  An ancient lich (Tar:7)
  A dread lich (Tar:7)
  A juggernaut (Abyss:3)
  Vashnia (Snake:3)
  Geryon (Hell)
  A golden dragon (Vaults:5)
  5 bone dragons
  8 doom hounds
  13 Tzitzimimeh
  A quicksilver dragon (Vaults:5)
  4 titans
  Murray (Hell)
  6 acid blobs
  3 deep elf blademasters
  A deep elf master archer (Elf:3)
  2 ancient champions
  A tentacled starspawn (Abyss:4)
  12 shadow dragons
  5 sphinxes
  A tengu reaver (Vaults:5)
  2 storm dragons (Vaults:5)
  3 fire giants
  6 azure jellies
  10 nagarajas
  2 frost giants
  6 rockslimes
  5 deep elf sorcerers
  An iron dragon (Vaults:5)
  An orc warlord (Vaults:4)
  Aizul (Snake:1)
  6 vault wardens
  6 ironbound preservers
  4 deep elf elementalists (Elf:3)
  A spriggan defender (Depths:3)
  3 ghouls (Swamp:4)
  6 stone giants
  2 war gargoyles
  12 reapers
  The ghost of Johnny the Thaumaturge, a journeyman DEEE of Okawaru (Orc:2)
  4 quicksilver oozes (Slime:5)
  17 very ugly things
  4 vampire knights
  6 dire elephants
  2 deep elf demonologists (Elf:3)
  8 deep elf annihilators
  A white draconian (Depths:5)
  2 bunyips
  An entropy weaver (Vaults:3)
  A red draconian (Depths:5)
  8 fire dragons
  7 deep elf death magi
  5 eleionomae
  A crystal guardian (Vaults:4)
  9 ettins
  6 yaktaur captains
  2 deep elf high priests (Elf:3)
  A quicksilver dragon zombie (Tar:2)
  4 jiangshi
  2 green deaths
  7 great orbs of eyes
  A hell beast (Swamp:4)
  10 hydras
  5 catoblepae
  17 naga warriors
  4 ironbound frosthearts
  4 ironbound thunderhulks
  2 boulder beetles
  14 vault guards
  2 ghost crabs
  6 anacondas
  7 ice dragons
  2 ogre magi
  2 spriggan air magi
  2 tengu warriors (Depths:3)
  5 alligators
  2 deep troll shamans
  6 hell hogs
  15 dancing weapons
  2 thrashing horrors (Abyss:4)
  12 two-headed ogres
  30 naga sharpshooters
  10 spriggans
  3 deep troll earth magi
  5 shock serpents
  6 spriggan berserkers
  3 death yaks (Lair:6)
  3 ironbound beastmasters
  5 soul eaters
  4 sun demons
  7 deep elf knights
  2 iron golems
  5 iron trolls
  A spectral death yak (Lair:1)
  A death drake (Tar:7)
  A shadow wraith (Vaults:5)
  A storm dragon skeleton (Tar:1)
  4 salamander mystics
  20 deep trolls
  A ghost moth zombie (Tar:4)
  31 skeletal warriors
  8 goliath frogs
  2 golden dragon zombies (Tar:7)
  An unseen horror (D:14)
  3 spriggan druids
  An anaconda zombie (Tar:7)
  2 flayed ghosts
  A spectral hydra (Lair:1)
  11 ironbound convokers
  4 wizards
  6 naga ritualists
  13 deep elf archers
  6 shadow demons
  2 orc knights
  6 bog bodies
  A harpy (Vaults:2)
  2 necromancers
  4 glowing orange brains
  2 lindwurms
  6 swamp dragons
  A harpy (shapeshifter) (Elf:2)
  9 phantasmal warriors
  A golden dragon skeleton (Tar:4)
  7 mana vipers
  3 will-o-the-wisps
  An orc sorcerer (Orc:2)
  A shining eye (Slime:5)
  26 deep elf pyromancers
  22 deep elf zephyrmancers
  An oklob plant (Snake:3)
  A frost giant zombie (Vaults:4)
  3 cyclopes
  13 salamanders
  32 ugly things
  2 manticores (Lair:6)
  24 black mambas
  A shock serpent zombie (Tar:3)
  2 centaur zombies
  5 elephants
  A frost giant skeleton (Tar:1)
  An elephant (shapeshifter) (Elf:3)
  3 guardian serpents
  An ice statue (IceCv)
  A dire elephant zombie (Tar:4)
  11 vault sentinels
  An iron dragon skeleton (Tar:7)
  A water nymph (shapeshifter) (Vaults:5)
  9 cane toads
  19 naga magi
  An apocalypse crab (Abyss:2)
  3 rust devils
  An eye of devastation (Slime:5)
  3 smoke demons (Hell)
  3 orange demons (Swamp:4)
  An emperor scorpion zombie (Tar:5)
  2 elf skeletons
  A centaur skeleton (D:15)
  A dire elephant skeleton (Tar:4)
  4 hellions
  5 tormentors
  3 rime drakes
  8 yaktaurs
  A minotaur skeleton (Tar:7)
  10 komodo dragons
  2 freezing wraiths
  5 tengu conjurers
  4 ice devils
  A human skeleton (Vaults:4)
  4 red devils
  2 trolls
  A bloated husk (Swamp:4)
  9 hornets
  2 large abominations (Swamp:4)
  7 polar bears
  A hydra zombie (Tar:6)
  4 blink frogs
  26 slime creatures
  A jumping spider (Vaults:3)
  A raiju (Abyss:2)
  2 tyrant leeches
  2 alligator zombies (Hell)
  A blink frog (shapeshifter) (D:14)
  2 hydra skeletons (Tar:7)
  7 dream sheep
  An alligator skeleton (Hell)
  3 meliai zombies
  6 shadows
  An ettin zombie (Tar:5)
  An air elemental (Elf:2)
  17 flying skulls
  2 ice dragon skeletons
  An ettin skeleton (Tar:3)
  2 redbacks (Vaults:3)
  32 yaks
  A spectral black mamba (Lair:1)
  2 fire dragon skeletons
  2 basilisks (Lair:4)
  6 water elementals
  A wyvern (Lair:2)
  2 fire elementals (D:15)
  5 wraiths
  A spectral fire crab (Lair:1)
  5 vampire mosquitoes
  A harpy simulacrum (Tar:7)
  17 swamp worms
  48 nagas
  2 acid dragons (D:14)
  A hydra simulacrum (Lair:1)
  15 water moccasins
  14 hell hounds
  8 orc warriors
  A cane toad skeleton (Tar:1)
  An alligator simulacrum (Tar:3)
  2 black bears
  A boggart (Elf:1)
  9 necrophages
  11 wolves
  A spriggan simulacrum (Depths:1)
  6 ogres
  2 centaurs
  2 phantoms (Tar:4)
  A kobold brigand (D:14)
  5 bullfrogs
  A wyvern zombie (D:14)
  An earth elemental (Elf:2)
  3 scorpions
  12 wights
  2 electric eels
  A quasit (D:14)
  2 orc priests
  An iron imp (Depths:3)
  An iguana (D:13)
  6 orc wizards (Orc:2)
  4 hell rats
  2 adders (D:12)
  2 shadow imps
  2 white imps
  14 orcs
  A kobold (D:15)
  10 briar patches (Swamp:2)
  A bush (Lair:6)
  A fungus (Lair:4)
  A plant (Lair:1)
1231 creatures vanquished.

Vanquished Creatures (others)
  8 orc warlords
  A deep elf sorcerer (Vaults:5)
  A draconian scorcher (Depths:5)
  An ogre mage (D:13)
  A hell hog (Depths:4)
  2 orc high priests (Orc:2)
  A deep elf knight (Elf:1)
  A skeletal warrior (Hell)
  A spriggan druid (Swamp:1)
  10 orc knights
  3 orc sorcerers (Orc:2)
  A bloated husk (Swamp:1)
  A shadow (Tar:3)
  25 orc warriors
  A wraith (Tar:5)
  A floating eye (shapeshifter) (Depths:3)
  A killer bee (D:9)
  2 jellies
  15 orc priests
  A small abomination (Abyss:2)
  17 orc wizards
  A hell rat (Hell)
  A worker ant zombie (D:10)
  An adder (D:9)
  A white imp (D:9)
  47 orcs
  A briar patch (Swamp:2)
  7 bushes (D:14)
  6 foxfires
  65 fungi
  94 plants
  10 starspawn tentacles
329 creatures vanquished.

Grand Total: 3102 creatures vanquished

Notes
Turn   | Place    | Note
-------+----------+-------------------------------------------
     0 | D:1      | Ulle the Hill Orc Fighter began the quest for the Orb.
     0 | D:1      | Reached XP level 1. HP: 19/19 MP: 1/1
    73 | D:1      | Found Wungoc's Magic Scroll Shop.
   375 | D:1      | Reached XP level 2. HP: 6/27 MP: 2/2
  1408 | D:1      | Reached skill level 3 in Axes
  1693 | D:1      | Identified a scroll of acquirement
  1693 | D:1      | Acquired the ring "Disol" {EV+4 Dex+6}
  1920 | D:2      | Reached XP level 3. HP: 28/33 MP: 3/3
  2221 | D:2      | Noticed Jessica
  2223 | D:2      | Killed Jessica
  2224 | D:2      | Reached skill level 4 in Axes
  2224 | D:2      | Reached XP level 4. HP: 34/40 MP: 4/4
  2648 | D:2      | Found a hazy altar of Hepliaklqana.
  2669 | D:2      | Reached skill level 1 in Dodging
  2671 | D:2      | Acquired a +1 crystal plate armour
  2705 | D:2      | Found an ancient bone altar of Kikubaaqudgha.
  2827 | D:2      | Noticed Sigmund
  2838 | D:2      | Killed Sigmund
  2839 | D:2      | Reached skill level 5 in Axes
  2839 | D:2      | Reached XP level 5. HP: 18/47 MP: 5/5
  2839 | D:2      | Reached XP level 6. HP: 20/53 MP: 6/6
  3972 | D:4      | Found Ofekargheido's Jewellery Shoppe.
  4073 | D:4      | Reached skill level 6 in Axes
  4081 | D:4      | Found a glowing drain.
  4095 | Sewer    | Entered a sewer
  4215 | Sewer    | Reached XP level 7. HP: 57/60 MP: 7/7
  4381 | Sewer    | Reached skill level 7 in Axes
  4575 | D:4      | Reached skill level 5 in Shields
  4681 | D:4      | Reached skill level 5 in Armour
  4909 | D:4      | Noticed Ijyb
  4919 | D:4      | Reached skill level 5 in Fighting
  4920 | D:4      | Killed Ijyb
  4927 | D:4      | Reached skill level 8 in Axes
  4927 | D:4      | Reached XP level 8. HP: 61/68 MP: 8/8
  5419 | D:5      | Entered Level 5 of the Dungeon
  5631 | D:5      | Noticed Eustachio
  5643 | D:5      | Killed Eustachio
  5841 | D:5      | Reached skill level 9 in Axes
  6038 | D:5      | Acquired 851 gold pieces
  6961 | D:4      | Bought the ring "Leleaj" {rElec rF+ rN+ MP-9 AC+4} for 465
                  | gold pieces
  7338 | D:6      | Found a sacrificial altar of Ru.
  7404 | D:6      | Found a broken altar of Ashenzari.
  7431 | D:6      | Reached skill level 10 in Axes
  7485 | D:6      | You fall into a shaft and drop 1 floor!
  7486 | D:7      | Became a worshipper of Beogh the Brigand
  7552 | D:6      | Reached XP level 9. HP: 75/75 MP: 0/9
  8032 | D:7      | Found a white marble altar of Elyvilon.
  8219 | D:7      | Found a staircase to the Ecumenical Temple.
  8427 | D:8      | Reached skill level 11 in Axes
  8497 | D:8      | Reached * piety under Beogh
  8508 | D:8      | Acquired 291 gold pieces
  8723 | D:8      | Found a radiant altar of Vehumet.
  8988 | D:9      | Found a snail-covered altar of Cheibriados.
  9015 | D:9      | Reached skill level 12 in Axes
  9051 | D:9      | Reached XP level 10. HP: 85/86 MP: 1/10
  9294 | D:9      | Found a staircase to the Lair.
  9294 | D:9      | Noticed a fire dragon
  9313 | D:9      | Killed a fire dragon
  9313 | D:9      | Reached ** piety under Beogh
  9314 | D:9      | Reached skill level 13 in Axes
  9517 | D:9      | Found a shadowy altar of Dithmenos.
  9665 | D:9      | Found a shimmering altar of Xom.
  9727 | D:10     | Entered Level 10 of the Dungeon
 10030 | D:10     | Acquired a +1 pair of boots of flying
 10188 | D:10     | Found a staircase to the Orcish Mines.
 10273 | D:10     | Noticed a deep elf pyromancer
 10278 | D:10     | Noticed a tengu warrior
 10284 | D:10     | Noticed a cyclops
 10325 | D:11     | Noticed Gastronok
 10596 | D:9      | Killed a tengu warrior
 10597 | D:9      | Reached XP level 11. HP: 71/95 MP: 2/11
 10598 | D:9      | Reached skill level 14 in Axes
 10713 | D:9      | Killed a cyclops
 10810 | D:10     | Killed a deep elf pyromancer
 10814 | D:10     | Noticed a brown ugly thing
 10819 | D:10     | Noticed a red ugly thing
 10833 | D:10     | Killed a brown ugly thing
 10847 | D:10     | Killed a red ugly thing
 11205 | D:10     | Found Cyolleem's General Store.
 11208 | D:10     | Bought a scroll of magic mapping for 59 gold pieces
 11222 | D:10     | Found a transporter.
 11224 | D:10     | Found a transporter.
 11225 | D:10     | Noticed a boulder beetle
 11359 | D:11     | Killed an unseen horror
 11359 | D:11     | Reached *** piety under Beogh
 11360 | D:11     | Reached skill level 10 in Shields
 11470 | D:11     | Reached skill level 15 in Axes
 11567 | D:11     | Killed Gastronok
 11586 | D:11     | Noticed Maurice
 11665 | D:11     | Killed Maurice
 11698 | D:11     | Reached skill level 10 in Fighting
 12271 | D:12     | Reached XP level 12. HP: 106/106 MP: 3/12
 12295 | D:12     | Noticed a four-headed hydra
 12311 | D:12     | Reached skill level 1 in Stealth
 12646 | Orc:1    | Entered Level 1 of the Orcish Mines
 12715 | Orc:1    | Gained Gorm as an ally
 12719 | Orc:1    | Your ally Gorm died
 12840 | Orc:1    | Found a transporter.
 12846 | Orc:1    | Reached **** piety under Beogh
 12850 | Orc:1    | Noticed a two-headed ogre
 12850 | Orc:1    | Noticed reyent's ghost (adept GrEE)
 12851 | Orc:1    | Noticed an ettin
 12852 | Orc:1    | Noticed a two-headed ogre
 12852 | Orc:1    | Noticed a two-headed ogre
 12853 | Orc:1    | Noticed a two-headed ogre
 12883 | Orc:1    | Gained Boghold as an ally
 13088 | Orc:1    | Found Hakucisu's Jewellery Shoppe.
 13097 | Orc:1    | Found Ipeiq Viphe's Magic Scroll Shoppe.
 13104 | Orc:1    | Bought a scroll of identify for 28 gold pieces
 13104 | Orc:1    | Bought a scroll of identify for 28 gold pieces
 13104 | Orc:1    | Bought a scroll of identify for 28 gold pieces
 13104 | Orc:1    | Bought a scroll of magic mapping for 49 gold pieces
 13104 | Orc:1    | Bought a scroll of identify for 28 gold pieces
 13104 | Orc:1    | Bought a scroll of identify for 28 gold pieces
 13285 | Orc:1    | Found Jalulit's Magic Scroll Shoppe.
 13293 | Orc:1    | Bought a scroll of identify for 26 gold pieces
 13293 | Orc:1    | Bought a scroll of identify for 26 gold pieces
 13293 | Orc:1    | Bought a scroll of identify for 26 gold pieces
 13293 | Orc:1    | Bought a scroll of enchant armour for 97 gold pieces
 13592 | Orc:2    | Entered Level 2 of the Orcish Mines
 13720 | Orc:2    | Found a staircase to the Elven Halls.
 13813 | Orc:2    | Found a runed translucent door.
 13814 | Orc:2    | Found a shimmering altar of Xom.
 13814 | Orc:2    | Noticed Johnny's ghost (journeyman DEEE)
 13815 | Orc:2    | Found the +0 staff of Battle
 13820 | Orc:2    | Reached skill level 16 in Axes
 13845 | Orc:2    | Killed Johnny's ghost
 13872 | Orc:2    | Your ally Boghold died
 14222 | Orc:2    | Noticed an orc high priest
 14222 | Orc:2    | Noticed an orc high priest
 14487 | Orc:2    | Noticed an orc warlord
 14512 | Orc:2    | Killed an orc warlord
 14556 | Orc:2    | Reached ***** piety under Beogh
 14664 | Orc:2    | Noticed a sun demon
 14695 | Orc:2    | Noticed an orc high priest
 14699 | Orc:2    | Noticed a soul eater
 14707 | Orc:2    | Noticed a soul eater
 15061 | Orc:2    | Killed an orc high priest
 15465 | Orc:2    | Paralysed by an orc sorcerer for 4 turns
 15901 | Orc:2    | Found Vootuud's Antique Armour Boutique.
 15902 | Orc:2    | Found Ruczar's Antique Weapon Boutique.
 15903 | Orc:2    | Found Alyut's General Store.
 15903 | Orc:2    | Found Bamakitt's Book Shop.
 15907 | Orc:2    | Bought a potion of mutation for 136 gold pieces
 15907 | Orc:2    | Bought a scroll of enchant weapon for 127 gold pieces
 15917 | Orc:2    | Bought a pair of encrusted gloves for 275 gold pieces
 15917 | Orc:2    | Identified the +1 pair of gloves of Suiluruohi {*Drain
                  | rElec rPois Str+6} (You bought it in a shop on level 2 of
                  | the Orcish Mines)
 15937 | Orc:2    | Noticed an orc high priest
 15944 | Orc:2    | Killed an orc high priest
 15945 | Orc:2    | Reached skill level 10 in Armour
 16337 | D:12     | Gained Bladwarg as an ally
 16416 | D:12     | Reached XP level 13. HP: 109/116 MP: 4/13
 16470 | D:12     | Your ally Bladwarg died
 16501 | D:12     | Gained Judas as an ally
 16501 | D:12     | Gained Borgoth as an ally
 16531 | D:12     | Noticed Rupert
 16564 | D:12     | Killed Rupert
 16933 | D:12     | Gained mutation: You have a pair of small horns on your
                  | head. [potion of mutation]
 16933 | D:12     | Gained mutation: Your body sometimes deteriorates upon
                  | taking damage. [potion of mutation]
 16933 | D:12     | Gained mutation: You expend magic power (3 MP) to
                  | strengthen your wands. [potion of mutation]
 16933 | D:12     | Gained mutation: You are robust. (+10% HP) [potion of
                  | mutation]
 16934 | D:12     | Lost mutation: You have a pair of small horns on your head.
                  | [potion of mutation]
 16934 | D:12     | Lost mutation: Your body sometimes deteriorates upon taking
                  | damage. [potion of mutation]
 16934 | D:12     | Lost mutation: You expend magic power (3 MP) to strengthen
                  | your wands. [potion of mutation]
 16934 | D:12     | Gained mutation: You are dopey. (Int -2) [potion of
                  | mutation]
 16934 | D:12     | Gained mutation: You passively map a small area around you.
                  | [potion of mutation]
 17355 | D:13     | Found an opulent altar of Gozag.
 17394 | D:13     | Found a flagged portal.
 17410 | Bailey   | Entered a bailey
 17518 | Bailey   | Found an iron altar of Okawaru.
 17575 | D:13     | Noticed Josephine
 17584 | D:13     | Killed Josephine
 17667 | D:13     | Found a runed translucent door.
 17757 | D:13     | Reached skill level 17 in Axes
 17762 | D:13     | Your ally Judas died
 17844 | D:13     | Identified the ring of the Hungering Jester {rElec rCorr
                  | Str-3 Int+4}
 17850 | D:13     | Identified the ring "Imo Bysu" {rN+ Int+6 Stlth+}
 17870 | D:13     | Identified the ring "Nujoff" {rC++ Str+4 Slay+4}
 17914 | D:13     | Identified the ring of Qeunu {rF+ rC+ Int+6 Dex+4}
 18353 | D:13     | Reached ****** piety under Beogh
 18404 | D:14     | Reached skill level 1 in Invocations
 18558 | D:14     | Lost mutation: You passively map a small area around you.
                  | [potion of mutation]
 18558 | D:14     | Lost mutation: You are dopey. (Int -2) [potion of mutation]
 18558 | D:14     | Lost mutation: You are robust. (+10% HP) [potion of
                  | mutation]
 18558 | D:14     | Gained mutation: Your muscles are strong. (Str +2) [potion
                  | of mutation]
 18558 | D:14     | Gained mutation: Scrolls take you a little longer to read.
                  | [potion of mutation]
 18558 | D:14     | Gained mutation: You expend magic power (3 MP) to
                  | strengthen your wands. [potion of mutation]
 18558 | D:14     | Gained mutation: You possess an exceptional clarity of
                  | mind. [potion of mutation]
 18638 | D:14     | Gained Rocco as an ally
 18816 | D:14     | Reached XP level 14. HP: 127/127 MP: 5/14
 19289 | D:14     | Found a gate to the Vaults.
 19408 | D:14     | Gained Jorge as an ally
 19694 | Lair:1   | Entered Level 1 of the Lair of Beasts
 20252 | Lair:1   | Found a runed translucent gate.
 20253 | Lair:1   | Found a runed translucent gate.
 20254 | Lair:1   | Found a runed translucent gate.
 20256 | Lair:1   | Noticed Quoreg's ghost (journeyman HuIE)
 20276 | Lair:1   | Killed Quoreg's ghost
 20309 | Lair:1   | Identified the +8 hand crossbow of Misery {penet, Str+4}
 20686 | Lair:2   | Acquired 454 gold pieces
 20924 | Lair:2   | Identified the +1 pair of gloves of Midnight {rPois rC+
                  | Str+4 Int+3}
 21065 | Lair:2   | Reached skill level 18 in Axes
 21841 | Lair:3   | Gained Wargath as an ally
 22257 | Lair:3   | Found a staircase to the Snake Pit.
 22725 | Lair:4   | Found a staircase to the Swamp.
 22967 | Lair:4   | You are sucked into a shaft and drop 1 floor!
 23048 | Lair:5   | Lost mutation: Scrolls take you a little longer to read.
                  | [potion of mutation]
 23048 | Lair:5   | Lost mutation: You expend magic power (3 MP) to strengthen
                  | your wands. [potion of mutation]
 23048 | Lair:5   | Lost mutation: Your muscles are strong. (Str +2) [potion of
                  | mutation]
 23048 | Lair:5   | Gained mutation: You can translocate small distances at
                  | will. [potion of mutation]
 23048 | Lair:5   | Gained mutation: You evolve. [potion of mutation]
 23048 | Lair:5   | Gained mutation: Your spells are a little easier to cast,
                  | but a little less powerful. [potion of mutation]
 23048 | Lair:5   | Gained mutation: You are resistant to electric shocks.
                  | (rElec) [potion of mutation]
 23062 | Lair:5   | Reached XP level 15. HP: 123/137 MP: 7/16
 23482 | Lair:5   | Found a runed translucent door.
 23505 | Lair:5   | Found the +12 glaive of Prune {vorpal}
 23847 | Lair:5   | Gained mutation: Your flesh is heat resistant. (rF+)
                  | [evolution]
 24012 | Lair:6   | Entered Level 6 of the Lair of Beasts
 24012 | Lair:6   | Found a staircase to the Slime Pits.
 24012 | Lair:6   | Found a viscous altar of Jiyva.
 24270 | Lair:6   | Found a frozen archway.
 24288 | IceCv    | Entered an ice cave
 24332 | IceCv    | Reached XP level 16. HP: 146/146 MP: 8/17
 24668 | IceCv    | Gained Ognian as an ally
 24745 | IceCv    | Reached skill level 19 in Axes
 24787 | IceCv    | Your ally Ognian died
 25221 | Lair:6   | Gained Nordag as an ally
 25233 | Lair:6   | Reached skill level 15 in Fighting
 25234 | Lair:6   | Reached skill level 15 in Shields
 25296 | Lair:6   | Your ally Borgoth died
 25800 | Snake:1  | Entered Level 1 of the Snake Pit
 25800 | Snake:1  | Noticed Aizul
 25813 | Snake:1  | Killed Aizul
 26175 | Snake:1  | Reached XP level 17. HP: 156/156 MP: 10/19
 26227 | Snake:1  | Gained mutation: You are covered in fur. (AC +1)
                  | [evolution]
 26620 | Snake:2  | Found Raihuwun's General Store.
 26645 | Snake:2  | Bought a potion of heal wounds for 95 gold pieces
 26645 | Snake:2  | Bought 2 potions of heal wounds for 190 gold pieces
 26834 | Snake:2  | Identified the +1 robe of Zopuc {rElec rPois rN+ Slay-5}
 27266 | Snake:3  | Noticed Vashnia
 27653 | Snake:3  | Identified the +1 leather armour of the Arcane {Harm Str+3
                  | SInv}
 27714 | Snake:3  | Your ally Rocco died
 27717 | Snake:3  | Killed Vashnia
 28120 | Snake:3  | Lost mutation: Your spells are a little easier to cast, but
                  | a little less powerful. [evolution]
 28434 | Snake:4  | Entered Level 4 of the Snake Pit
 28902 | Snake:4  | Reached skill level 20 in Axes
 29182 | Snake:4  | Reached XP level 18. HP: 152/168 MP: 11/20
 29429 | Snake:4  | Reached skill level 15 in Armour
 29497 | Snake:4  | Your ally Nordag died
 29593 | Snake:4  | Got a serpentine rune of Zot
 29875 | Snake:4  | Found Zaesas's Book Boutique.
 29876 | Snake:4  | Found Gibriez's Jewellery Shoppe.
 29876 | Snake:4  | Found Cisahebi's Jewellery Shoppe.
 30064 | Swamp:1  | Entered Level 1 of the Swamp
 30079 | Swamp:1  | Noticed Donald
 30083 | Swamp:1  | Killed Donald
 30753 | Swamp:2  | Found a transporter.
 30798 | Swamp:2  | Found a transporter.
 31018 | Swamp:2  | Your ally Nordag died
 31041 | Swamp:2  | Identified the +1 chain mail "Ygeirife" {rN+}
 31044 | Swamp:2  | Identified the ring of Ytwubes {AC+4 Int+4}
 31047 | Swamp:2  | Identified the +5 cloak of Wonderful Happiness {rC+}
 32533 | Swamp:4  | Entered Level 4 of the Swamp
 33060 | Swamp:4  | Reached XP level 19. HP: 177/177 MP: 12/21
 33371 | Swamp:4  | Reached skill level 21 in Axes
 33584 | Swamp:4  | Got a decaying rune of Zot
 34123 | Elf:1    | Entered Level 1 of the Elven Halls
 34128 | Elf:1    | Upgraded the game from 0.27-a0-676-gc1da3516c2 to
                  | 0.27-a0-679-g77a6b55cf3
 34176 | Elf:1    | Gained mutation: You have sharp toenails. [evolution]
 35384 | Elf:2    | Found a runed translucent gate.
 35384 | Elf:2    | Found a runed translucent gate.
 35384 | Elf:2    | Found a runed translucent gate.
 36047 | Elf:2    | Found a transporter.
 36048 | Elf:2    | Noticed Maemadut's ghost (veteran DrMo)
 36076 | Elf:2    | Found a transporter.
 36451 | Elf:2    | Lost mutation: You have sharp toenails. [evolution]
 36485 | Elf:3    | Entered Level 3 of the Elven Halls
 36701 | Elf:3    | Reached XP level 20. HP: 109/189 MP: 13/22
 36704 | Elf:3    | Found Ebisudgh's Armour Shoppe.
 37467 | Elf:3    | Identified the ring "Moarihi" {*Corrode rElec rC++ EV+4
                  | Stlth+}
 37520 | Elf:3    | Identified the +9 war axe "Zopohil" {freeze, rF+ Will++}
 37521 | Elf:3    | Identified the +9 trident "Demonslayer" {drain, +Inv rElec
                  | Str+4}
 37530 | Elf:3    | Identified the ring "Cirghihu" {rN+ Int+6 Dex+3}
 37531 | Elf:3    | Identified the +2 great sword "Orb Guardian's Regret"
                  | {vorpal, rN+ Dex+3}
 37547 | Elf:3    | Identified the amulet of Kindness {RegenMP *Corrode rC+++
                  | Str-2 Int+8}
 37737 | Elf:3    | Acquired the amulet "Mobom" {Acrobat Int+6 Slay+3 SInv}
 37808 | Elf:3    | Identified the +6 falchion of Feuffadd {holy, +Blink rN+
                  | Str-3}
 38190 | Vaults:1 | Entered Level 1 of the Vaults
 38726 | Vaults:1 | Reached skill level 22 in Axes
 38988 | Vaults:1 | Gained Horkud as an ally
 39074 | Vaults:1 | Reached skill level 5 in Stealth
 39302 | Vaults:1 | Identified the +1 leather armour of Burnt Freedom {Int+2
                  | SInv}
 39575 | Vaults:2 | Found a magical portal.
 39592 | WizLab   | Entered The Roulette of Golubria
 39592 | WizLab   | Found a transporter.
 39601 | WizLab   | Found a corrupted altar of Lugonu.
 39602 | WizLab   | Found the +2 cloak of the Thief {*Fog Slay-2 SInv Stlth+}
 39666 | WizLab   | Found the +1 cloak of Starlight {*Dazzle EV+4 Stlth--}
 40552 | Vaults:2 | Reached XP level 21. HP: 170/199 MP: 15/24
 40848 | Vaults:3 | Your ally Horkud died
 41401 | Vaults:3 | Lost mutation: You possess an exceptional clarity of mind.
                  | [evolution]
 41920 | Vaults:3 | Noticed Frederick
 41929 | Vaults:3 | Killed Frederick
 42403 | Vaults:3 | Found a staircase to the Crypt.
 42645 | Vaults:3 | You are sucked into a shaft and drop 1 floor!
 42650 | Vaults:4 | Gained Bogdar as an ally
 42657 | Vaults:4 | Your ally Bogdar died
 42733 | Vaults:4 | Identified the +1 robe of the Bard {-Tele rPois Int+5}
 43148 | Vaults:4 | Reached skill level 23 in Axes
 43887 | Vaults:4 | Reached XP level 22. HP: 129/211 MP: 16/25
 44450 | Vaults:5 | Entered Level 5 of the Vaults
 44472 | Vaults:5 | Your ally Jorge died
 44904 | Vaults:5 | Killed a golden dragon
 45242 | Vaults:5 | Got a silver rune of Zot
 45255 | Vaults:5 | Gained Korbok as an ally
 45261 | Vaults:5 | Identified the +7 morningstar "Reody" {drain, rElec rC-
                  | Str+5 Int+4}
 45470 | Vaults:5 | Reached skill level 24 in Axes
 45499 | Vaults:5 | Your ally Korbok died
 46193 | Vaults:5 | Identified the +7 plate armour "Orezohast" {rC+}
 46196 | Vaults:5 | Identified the +0 cloak of Creativity {-Cast rF+ Dex+6}
 46558 | Vaults:5 | Noticed an ancient lich
 46570 | Vaults:5 | Killed an ancient lich
 46571 | Vaults:5 | Reached XP level 23. HP: 193/222 MP: 17/26
 47067 | D:15     | Entered Level 15 of the Dungeon
 47067 | D:15     | Noticed Azrael
 47076 | D:15     | Killed Azrael
 47123 | D:15     | Gained Herok as an ally
 47240 | D:15     | Found a staircase to the Depths.
 47306 | D:15     | Lost mutation: You evolve. [end of evolution]
 47496 | D:15     | Noticed Kirke
 47506 | D:15     | Killed Kirke
 47849 | Slime:1  | Entered Level 1 of the Pits of Slime
 48129 | Slime:2  | Your ally Herok died
 48562 | Slime:3  | Gained mutation: Your flesh is cold resistant. (rC+) [a
                  | shining eye]
 48609 | Slime:3  | Gained mutation: You are clumsy. (Dex -2) [a shining eye]
 48759 | Slime:5  | Entered Level 5 of the Pits of Slime
 48769 | Slime:5  | Gained mutation: You are dopey. (Int -2) [a shining eye]
 48773 | Slime:5  | Gained mutation: You are very clumsy. (Dex -4) [a shining
                  | eye]
 48788 | Slime:5  | Gained mutation: You do not regenerate when monsters are
                  | visible. [a shining eye]
 48933 | Slime:5  | Noticed the Royal Jelly
 48941 | Slime:5  | Killed the Royal Jelly
 49272 | Slime:5  | Found the +8 whip "Snakebite" {curare, rPois}
 49322 | Slime:5  | Identified the +0 helmet of Gozag's Envy {rN+ rCorr Str-4}
 49334 | Slime:5  | Identified the ring "Wijewnot" {rF+ rN+ Will+ Dex-5}
 49385 | Slime:5  | Identified the +6 shortbow of Termination {freeze, Str+3
                  | Int+3 Dex+5}
 49397 | Slime:5  | Identified the +7 broad axe of Moderation {freeze, *Drain
                  | rC+++ Int-3}
 49454 | Slime:5  | Identified the ring "Xifaihyo" {rC+ rCorr}
 49457 | Slime:5  | Got a slimy rune of Zot
 49458 | Slime:5  | Identified the +7 scimitar of the Harvest {drain, Str+4
                  | Stlth+}
 49466 | Slime:5  | Identified the amulet of Zaom {Faith rF+ Str+2}
 50047 | Depths:1 | Entered Level 1 of the Depths
 50076 | Depths:1 | Found a one-way gate to the infinite horrors of the Abyss.
 50333 | Depths:1 | Found Ciputic's General Store.
 50333 | Depths:1 | Found Daib Kawa's Antique Armour Shop.
 50334 | Depths:1 | Found Zireuxt's Book Shop.
 50336 | Depths:1 | Found Ruonguv's Magic Scroll Boutique.
 50344 | Depths:1 | Bought a scroll of holy word for 142 gold pieces
 50413 | Depths:1 | Found a gateway to Hell.
 50445 | Depths:1 | Found a gateway to a ziggurat.
 50459 | Depths:1 | Found a one-way gate leading to the halls of Pandemonium.
 50475 | Depths:1 | Found a portal to a secret trove of treasure.
 50558 | Depths:1 | Reached skill level 25 in Axes
 51026 | Depths:2 | Reached XP level 24. HP: 197/233 MP: 17/26
 53454 | Depths:1 | You paid a toll of a +7 demon whip to enter a treasure
                  | trove
 53455 | Trove    | Entered a treasure trove
 53470 | Trove    | Identified Sif Muna's Guide on Confrontation
 53479 | Trove    | Identified Sif Muna's Disquisition on Shape Shifting
 53499 | Trove    | Identified Sif Muna's Disquisition on Earthen Confrontation
 53822 | Depths:4 | Reached skill level 5 in Invocations
 53933 | Depths:4 | Identified the amulet of Nudeq {Acrobat *Slow rC++ Stlth+}
 53954 | Depths:4 | Found Zefieb's Jewellery Shop.
 54875 | Depths:5 | Entered Level 5 of the Depths
 55051 | Depths:5 | Found a gate to the Realm of Zot.
 55084 | Depths:5 | Reached XP level 25. HP: 177/243 MP: 17/26
 55387 | Depths:5 | Found the +8 Wrath of Trog {antimagic, *Rage}
 56072 | Depths:4 | Voluntarily entered the Abyss.
 56072 | Abyss:1  | Found a corrupted altar of Lugonu.
 56325 | Abyss:2  | Gained mutation: You are occasionally teleported next to
                  | monsters. [a neqoxec]
 56334 | Abyss:2  | Gained Geork as an ally
 56406 | Abyss:2  | Your ally Geork died
 56409 | Abyss:2  | Reached skill level 26 in Axes
 56437 | Abyss:2  | Gained Borgk as an ally
 56568 | Abyss:3  | Noticed a dread lich
 56585 | Abyss:3  | Killed a dread lich
 57058 | Abyss:3  | Gained mutation: You have an uncontrollable temper. [a
                  | neqoxec]
 57161 | Abyss:3  | Found a glowing golden altar of the Shining One.
 57198 | Abyss:3  | Noticed a juggernaut
 57202 | Abyss:3  | Killed a juggernaut
 57206 | Abyss:3  | Got an abyssal rune of Zot
 57250 | Abyss:4  | Found a corrupted altar of Lugonu.
 57381 | Depths:4 | Escaped the Abyss
 57682 | Depths:4 | Lost mutation: You are very clumsy. (Dex -4) [potion of
                  | mutation]
 57682 | Depths:4 | Lost mutation: You can translocate small distances at will.
                  | [potion of mutation]
 57682 | Depths:4 | Lost mutation: You are resistant to electric shocks.
                  | (rElec) [potion of mutation]
 57682 | Depths:4 | Gained mutation: Your spells are a little easier to cast,
                  | but a little less powerful. [potion of mutation]
 57682 | Depths:4 | Lost mutation: You are clumsy. (Dex -2) [potion of
                  | mutation]
 57683 | Depths:4 | Lost mutation: You are covered in fur. (AC +1) [potion of
                  | mutation]
 57683 | Depths:4 | Lost mutation: Your flesh is cold resistant. (rC+) [potion
                  | of mutation]
 57683 | Depths:4 | Lost mutation: You are dopey. (Int -2) [potion of mutation]
 57683 | Depths:4 | Gained mutation: Your flesh is very heat resistant. (rF++)
                  | [potion of mutation]
 57684 | Depths:4 | Lost mutation: You tend to lose your temper in combat.
                  | [potion of mutation]
 57684 | Depths:4 | Lost mutation: Your spells are a little easier to cast, but
                  | a little less powerful. [potion of mutation]
 57684 | Depths:4 | Gained mutation: You have a pair of small horns on your
                  | head. [potion of mutation]
 57684 | Depths:4 | Gained mutation: You have a pair of horns on your head.
                  | [potion of mutation]
 57685 | Depths:4 | Lost mutation: Your flesh is very heat resistant. (rF++)
                  | [potion of mutation]
 57685 | Depths:4 | Lost mutation: You do not regenerate when monsters are
                  | visible. [potion of mutation]
 57685 | Depths:4 | Lost mutation: Your flesh is heat resistant. (rF+) [potion
                  | of mutation]
 57685 | Depths:4 | Lost mutation: You have a pair of horns on your head.
                  | [potion of mutation]
 57685 | Depths:4 | Gained mutation: You expend magic power (3 MP) to
                  | strengthen your wands. [potion of mutation]
 57685 | Depths:4 | Gained mutation: You are agile. (Dex +2) [potion of
                  | mutation]
 57729 | Hell     | Entered the Vestibule of Hell
 57729 | Hell     | Noticed Geryon
 57733 | Hell     | Noticed Murray
 57744 | Hell     | Killed Geryon
 57751 | Hell     | Killed Murray
 57756 | Hell     | Your ally Rocco died
 58343 | Hell     | Reached XP level 26. HP: 235/256 MP: 18/27
 59112 | Hell     | Found a gateway to the decaying netherworld of Tartarus.
 59129 | Tar:1    | Entered Level 1 of Tartarus
 59577 | Tar:2    | Reached skill level 27 in Axes
 59922 | Tar:4    | Your ally Nordag died
 61721 | Tar:2    | You are sucked into a shaft and drop 2 floors!
 61758 | Tar:4    | Reached XP level 27. HP: 253/267 MP: 19/28
 61943 | Tar:7    | Entered Level 7 of Tartarus
 61945 | Tar:7    | Noticed a dread lich
 61955 | Tar:7    | Killed a dread lich
 62323 | Tar:7    | Identified the ring "Vociqear" {Ice Str+2 Slay+3}
 62436 | Tar:7    | Identified the +3 scimitar of Awkwardness {vorpal, +Inv
                  | rElec Int+4 SInv}
 62437 | Tar:7    | Identified the +4 scimitar of Ynopn {vorpal, *Slow rPois
                  | Int+2 Dex+3 Stlth+}
 62675 | Tar:7    | Noticed an ancient lich
 62687 | Tar:7    | Killed an ancient lich
 63015 | Tar:7    | Noticed Ereshkigal
 63026 | Tar:7    | HP: 12/255 [Tzitzimitl/bolt of negative energy[Ereshkigal]
                  | (18)]
 63027 | Tar:7    | Killed from afar by a Tzitzimitl

Illustrated notes

Levels and vault maps discovered:
D:1:      scummos_arrival_checkerplants, layout_basic, serial_shops,
          nicolae_shop_stone
D:2:      minmay_skewed_foursquare, layout_basic, kiku_gazebo_garden_becter,
          nicolae_overflow_crystal_walls, serial_forest,
          infiniplex_forest_clump_C, infiniplex_forest_end_3,
          infiniplex_forest_straight_3, infiniplex_forest_lined_2,
          infiniplex_forest_lined_corner, infiniplex_forest_clump_medium,
          infiniplex_forest_straight_2, minivault_25,
          hangedman_abyss_or_decor_lesser_grid, uniq_jessica, uniq_sigmund
D:3:      layout_basic, kennysheep_generic_room_15
D:4:      layout_gridville, serial_shops, shop_statue, portal_sewer_entry_d,
          amcnicky_mini_corridor_feature, uniq_ijyb
D:5:      layout_basic, hex_tiny, chequers_big_river, minivault_5,
          uniq_eustachio
D:6:      cheibrodos_iron_armory, layout_loops_cross, kennysheep_mini,
          nicolae_ru_awakened_eye
D:7:      layout_gridville, overflow_temple_1_default, temple_hall
D:8:      layout_cave_pools, fiery_altar_vehumet
D:9:      layout_rooms, xom_confusion_cloud, grunt_dithmenos_smoke_and_mirrors,
          minmay_lair_entry_lava, cheibriados_altar_1
D:10:     gammafunk_boulding_lane, layout_basic, hiddenorc1_lemuel,
          serial_shops, nicolae_shop_behind_doors, minivault_28
D:11:     layout_cross, lightli_fourway_metalbox, uniq_maurice, uniq_gastronok
D:12:     layout_roguey, serial_ice, serial_ice_i, serial_ice_h, serial_ice_c,
          serial_ice_d, serial_ice_a, lightli_corner_chamber, uniq_rupert
D:13:     minmay_the_grid_triangle_9x9_rhombus_thin
          [minmay_the_grid_triangle_9x9_negative_grid,
          minmay_the_grid_triangle_9x9_prize_special,
          minmay_the_grid_triangle_9x9_subtriangle,
          minmay_the_grid_triangle_9x9_dagger], layout_basic, enter_bailey_6,
          nicolae_gozag_cash_rules_everything_around_me, uniq_josephine
D:14:     layout_basic, hangedman_vaults_entry_quadrant_bands,
          serial_park_square1 [serial_park_minivault_5x5_6]
D:15:     hangedman_depths_entry_try_elsewhere_first, layout_rooms,
          corexii_leaking_fountain, uniq_azrael, uniq_kirke
Lair:1:   layout_regular_city, gammafunk_ghost_necromancy
Lair:2:   layout_cave_pods, infiniplex_staircase_pool_2, grunt_megastairs_1
Lair:3:   layout_loops_ring, dummy_snake_entry, beast_lair_carwin_9
Lair:4:   layout_loops_ring, minmay_swamp_entry_worms,
          nicolae_volcano_entry_batcave, cheibrodos_lair_lostbears,
          minmay_lair_oklob_chamber, uniq_snorg
Lair:5:   layout_cave_pods, serial_bayou_ford_a, pf_torpor_hydra,
          grunt_megastairs_2
Lair:6:   evilmike_catoblepas_cave, layout_misc_corridors, slime_altar_1,
          portal_ice_cave_demonic_guard
Swamp:1:  layout_basic_swamp, evilmike_swamp_ruin_house_3, uniq_donald
Swamp:2:  gammafunk_worm_tunnel, layout_falls_marsh, hangedman_swamp_ruin_wall,
          nicolae_swamp_trees_clearing, swamp_pool1
Swamp:3:  layout_basic_swamp, evilmike_swamp_ruin_house_6
Swamp:4:  swamp_vile, layout_basic_swamp, swamp_pool1
Snake:1:  layout_cave_shapes, lemuel_fruit_tree, uniq_aizul
Snake:2:  layout_cave_town, serial_shops, shop, st_stairs_12,
          grunt_ministairs_1, hangedman_corner_corridor, serial_bayou_shore_b
Snake:3:  dpeg_oklob_gauntlet, layout_rooms, serial_shops, nicolae_shop_trees,
          uniq_vashnia
Snake:4:  grunt_snake_rune_spirals, layout_onion_interference,
          serial_bayou_shore_b, minmay_shop_grove
Slime:1:  cheibrodos_slime_lost_civilization_10, layout_caves
Slime:2:  cheibrodos_slime_lost_civilization_3, layout_caves,
          nicolae_slime_round_cave
Slime:3:  layout_caves
Slime:4:  layout_caves, amcnicky_altar_lugonu_corruption
Slime:5
Orc:1:    layout_diamond_mine, gammafunk_ghost_smash, serial_shops,
          shop_fountains, shop, shop
Orc:2:    st_orc_congregation, layout_caves, ebering_ghost_xom
Elf:1:    eino_elf_arrival_the_gate, layout_loops_corners,
          hangedman_elf_disciples
Elf:2:    layout_loops_corners, gammafunk_ghost_berserking_beasts, minivault_25
Elf:3:    grunt_elf_hall_asides, layout_rooms, serial_shops,
          nicolae_shop_window_shopping
Vaults:1: nicolae_vaults_hallways_thing, v_alt_pattern_1,
          ontoclasm_vaults_shuriken, v_misc_8, vaults_dpeg_hooks,
          vaults_mumra_hexcomb, v_misc_9, v_pattern_1, v_misc_25, v_misc_24,
          nicolae_vaults_specimen_jars, vaults_room_stairs_pillars,
          vaults_dpeg_encased_lava, layout_vaults_omnigrid
Vaults:2: vaults_mumra_minichess, v_pattern_2, ontoclasm_vaults_spin,
          nicolae_vaults_triangles, nicolae_vaults_little_squares_2, v_misc_29,
          ontoclasm_vaults_eye, layout_vaults_big_room,
          infiniplex_enter_wizlab_water
Vaults:3: hangedman_vaults_slice, st_star, ontoclasm_vaults_bender,
          hangedman_vaults_maws, nicolae_vaults_three_branches,
          vaults_mumra_chevron, ontoclasm_vaults_ring_large,
          minmay_crypt_entry_nasty_monster, ontoclasm_vaults_fault, v_misc_29,
          ontoclasm_vaults_ring_square, nicolae_vaults_angled_halls,
          nicolae_vaults_yaktaur_gun_rack, vaults_room_fours,
          nicolae_vaults_ring_of_whatevers, layout_vaults_big_cross,
          uniq_frederick
Vaults:4: ontoclasm_vaults_decontamination, nicolae_vaults_big_ls,
          grunt_vaults_diagonal, hangedman_vaults_restitches,
          nicolae_vaults_big_angled_halls, nicolae_vaults_little_squares_5,
          hangedman_vaults_locks, v_rooms_2, vaults_dpeg_ring,
          hangedman_vaults_nodes, nicolae_vaults_know_your_exits,
          vaults_mumra_chevron_long, nicolae_vaults_ring_of_whatevers,
          serial_ice_m, hangedman_vaults_hat, layout_vaults_omnibox
Vaults:5
Depths:1: layout_forbidden_donut, enter_ziggurat_b, abyss_entry, pan_entry,
          hangedman_decor_peaks_small, serial_sigils,
          serial_sigils_hangedman_shear, serial_sigils_hangedman_scar,
          serial_sigils_hangedman_gut, serial_sigils_hangedman_stare,
          serial_sigils_hangedman_quiver, hell_entry, enter_trove_2, drop_trap,
          minmay_shoptagon, infiniplex_staircase_pool_lava
Depths:2: grunt_double_whammy, layout_cave_pools, hell_entry,
          hangedman_decor_diamond_cutter, infiniplex_staircase_zigzag_2,
          firewood_loft
Depths:3: kennysheep_blocky_room, layout_small_grid, kennysheep_minor_cross,
          grunt_pan_entry_in_and_out, hell_entry,
          infiniplex_staircase_door_maze, kennysheep_random_hallway
Depths:4: kennysheep_spiral_hall, layout_basic, serial_shops, shop, hell_entry,
          minmay_misc_feat_roman, abyss_entry, minmay_staircase_windowed_large
Depths:5: grunt_zot_entry_tricorne, layout_gridlike, pan_entry,
          grunt_mini_vestibule, minmay_guarded_unrand_wrath_of_trog
Hell
Tar:1:    layout_catacombs
Tar:2:    layout_grid_maze
Tar:3:    layout_cathedral_of_symmetry, nicolae_tar_cuneiform_bread
Tar:4:    layout_grid_maze, nicolae_tar_fractal_crypt
Tar:5:    layout_grid_maze
Tar:6:    layout_catacombs
Tar:7:    tar_old

Skill      XL: |  1  2  3  4  5  6  7  8  9 10 11 12 13 14 15 16 17 18 19 20 21 22 23 24 25 26 27 |
---------------+----------------------------------------------------------------------------------+-----
Axes           | 3 4 5 6 8 10 12 13 15 16 17 18 19 20 21 22 23 24 25 26 27 | 27.0
Fighting       | 4 5 6 7 8 10 11 12 13 14 15 16 17 18 19 20 21 22 23 24 25 26 | 26.5
Armour         | 4 5 6 7 8 10 11 12 13 14 15 16 17 18 19 20 21 22 | 22.8
Dodging        | 1 |  1.7
Shields        | 4 5 6 7 9 10 11 13 14 15 16 17 18 19 20 21 22 23 24 25 | 25.9
Stealth        | 2 3 4 5 6 8 |  8.2
Invocations    | 1 2 3 4 5 7 8 |  8.0
Short Blades   | |  0.5
Long Blades    | |  0.6
Maces & Flails | |  0.6
Polearms       | |  0.6
Staves         | |  0.4
Slings         | |  0.4
Bows           | |  0.8
Crossbows      | |  0.8
Throwing       | |  0.4
Unarmed Combat | |  0.6
Spellcasting   | |  0.3
Conjurations   | |  0.5
Hexes          | |  0.5
Summonings     | |  0.5
Necromancy     | |  0.5
Translocations | |  0.3
Transmutations | |  0.3
Fire Magic     | |  0.6
Ice Magic      | |  0.4
Air Magic      | |  0.3
Earth Magic    | |  0.5
Poison Magic   | |  0.4
Evocations     | |  0.5

Action                   |  1- 3 |  4- 6 |  7- 9 | 10-12 | 13-15 | 16-18 | 19-21 | 22-24 | 25-27 || total
-------------------------+-------+-------+-------+-------+-------+-------+-------+-------+-------++-------
Melee: War axe           |    81 |   150 |   451 |   735 |   678 |   793 |   800 |   827 |  1019 ||  5534
       Headbutt          |       |       |       |       |       |       |       |       |   228 ||   228
Invok: Convert to Beogh  |       |       |     1 |       |       |       |       |       |       ||     1
       Recall Orcish Fol |       |       |       |       |     7 |    14 |     9 |     9 |    19 ||    58
       Give Item to Name |       |       |       |       |     1 |     3 |       |     1 |       ||     5
       Resurrection      |       |       |       |       |       |     3 |     1 |     2 |     1 ||     7
  Use: Scroll            |     1 |     6 |    13 |    13 |     8 |     8 |     5 |     5 |     2 ||    61
       Potion            |       |       |       |     2 |     5 |     1 |     2 |     3 |    15 ||    28
 Stab: Distracted        |       |       |       |    10 |     7 |     9 |     5 |     8 |    10 ||    49
       Paralysed         |       |       |       |     1 |       |       |       |       |     1 ||     2
       Confused          |       |       |       |     1 |       |       |       |       |       ||     1
Armor: Scale mail        |    43 |    15 |       |       |       |       |       |       |       ||    58
       Crystal plate arm |       |    94 |   391 |   426 |   386 |   485 |   381 |   431 |   499 ||  3093
Dodge: Dodged            |    35 |    60 |   131 |   199 |   134 |   149 |   228 |   265 |   320 ||  1521
       Repelled          |       |       |       |       |     1 |    39 |    12 |     5 |       ||    57
Block: Kite shield       |    39 |   118 |   344 |   467 |   410 |   624 |   600 |   666 |   788 ||  4056
       Reflection        |       |       |       |       |       |       |       |    14 |     9 ||    23

Table legend: (Time is in decaauts)
 A = Elapsed time spent in this place.
 B = Non-inter-level travel time spent in this place.
 C = Inter-level travel time spent in this place.
 D = Time resting spent in this place.
 E = Time spent auto-exploring this place.
 F = Levels seen in this place.
 G = Mean time per level.
                   A        B        C        D        E       F      G
               +--------+--------+--------+--------+--------+-----+--------+
         Total |  62176 |  58961 |   3215 |  14811 |  25630 |  66 |  942.1 |
       Dungeon |  16762 |  15516 |   1246 |   3204 |   7876 |  15 | 1117.5 |
          Lair |   5850 |   5199 |    651 |    106 |   3512 |   6 |  975.0 |
         Swamp |   3771 |   3662 |    109 |    978 |   1647 |   4 |  942.8 |
     Snake Pit |   4071 |   3935 |    136 |    843 |   1684 |   4 | 1017.8 |
    Slime Pits |   1886 |   1842 |     44 |   1152 |      0 |   5 |  377.2 |
  Orcish Mines |   3535 |   3285 |    250 |   1424 |    800 |   2 | 1767.5 |
   Elven Halls |   3808 |   3656 |    152 |    769 |   1614 |   3 | 1269.3 |
        Vaults |   8601 |   8370 |    231 |   1672 |   4478 |   5 | 1720.2 |
        Depths |   7362 |   7016 |    346 |   2443 |   3156 |   5 | 1472.4 |
          Hell |    588 |    588 |      0 |    408 |     20 |   1 |  588.0 |
      Tartarus |   3341 |   3293 |     48 |   1439 |    446 |   7 |  477.3 |
         Abyss |   1201 |   1201 |      0 |    204 |    169 |   4 |  300.2 |
         Trove |     86 |     86 |      0 |      0 |      0 |   1 |   86.0 |
         Sewer |    501 |    501 |      0 |     96 |     94 |   1 |  501.0 |
        Bailey |    130 |    130 |      0 |      0 |      0 |   1 |  130.0 |
      Ice Cave |    596 |    596 |      0 |     72 |    134 |   1 |  596.0 |
        Wizlab |     80 |     80 |      0 |      0 |      0 |   1 |   80.0 |
               +--------+--------+--------+--------+--------+-----+--------+

Top non-repeatable levels by time:
Depths:4: 2811 daAuts
   Orc:2: 2484 daAuts
Vaults:5: 2395 daAuts
Vaults:4: 1853 daAuts
     D:2: 1825 daAuts
Vaults:3: 1806 daAuts
     D:1: 1735 daAuts
   Elf:3: 1452 daAuts
 Snake:4: 1443 daAuts
Depths:3: 1430 daAuts
    D:11: 1375 daAuts
Vaults:1: 1369 daAuts
 Swamp:4: 1322 daAuts
     D:9: 1302 daAuts
    D:10: 1282 daAuts
